 Dungeon Crawl Stone Soup version 0.30-a0-956-gcec3b41aec (webtiles) character file.

Game seed: 8190266483202075216

45 Ahpoh the Slasher (level 3, -9/22 HPs)
             Began as a Gargoyle Gladiator on Mar 29, 2023.
             Killed from afar by Jessica (16 damage)
             ... with a bolt of light
             ... on level 2 of the Dungeon.
             The game lasted 00:03:18 (1165 turns).

Ahpoh the Slasher (Gargoyle Gladiator)              Turns: 1165, Time: 00:03:19

Health: -9/22      AC:  9    Str: 17    XL:     3   Next: 64%
Magic:  3/3        EV: 11    Int:  8    God:
Gold:   82         SH:  0    Dex: 13    Spells: 2/2 levels left

rFire   . . .      SeeInvis .    a - +0 long sword
rCold   . . .      Faith    .    (no shield)
rNeg    + . .      Spirit   .    f - +0 ring mail
rPois   ∞          Reflect  .    c - +0 helmet
rElec   +          Rampage  .    (no cloak)
rCorr   .                        (no gloves)
Will    .....                    (no boots)
Stlth   +                        (no amulet)
HPRegen 0.23/turn                (no ring)
MPRegen 0.08/turn                (no ring)

@: no status effects
A: sickness immunity, AC +3, negative energy resistance 1, electricity
resistance, torment resistance 1, petrification resistance
a: no special abilities


You were on level 2 of the Dungeon.
You visited 1 branch of the dungeon, and saw 2 of its levels.

You collected 82 gold pieces.

Inventory:

Hand Weapons
 a - a +0 long sword (weapon)
Missiles
 d - 3 throwing nets (quivered)
 e - 6 javelins
Armour
 b - a +0 leather armour
 c - a +0 helmet (worn)
 f - a +0 ring mail (worn)
Magical Staves
 n - a staff of poison
Scrolls
 h - a scroll of identify {unknown}
 i - 4 scrolls of enchant weapon {unknown}
 j - a scroll of teleportation {unknown}
Potions
 g - a potion of might {unknown}
 k - a potion of heal wounds {unknown}
 l - a potion of degeneration {unknown}
 m - a potion of flight {unknown}


   Skills:
 + Level 2.5 Fighting
 + Level 3.4 Long Blades
 + Level 1.8 Throwing
 + Level 0.7 Armour
 + Level 2.8 Dodging


You had 2 spell levels left.
You didn't know any spells.
Your spell library contained the following spells:

 Spells                   Type           Power      Damage    Failure   Level
 Static Discharge         Conj/Air       0%         2-2/arc   77%         2
 Vhi's Electric Charge    Tloc/Air       0%         N/A       94%         3
 Arcjolt                  Conj/Air       0%         1d10      100%        5
 Plasma Beam              Fire/Air       0%         2x1d7     100%        5


Dungeon Overview and Level Annotations

Branches:
Dungeon (2/15)

Altars:

Annotations:
D:2 Jessica


Innate Abilities, Weirdness & Mutations

You are immune to sickness and miasma.
Your stone body is resilient. (AC +3)
You are immune to poison.
You resist negative energy. (rN+)
You are resistant to electric shocks. (rElec)
You are resistant to unholy torment.
You are immune to petrification.


Message History

You hit the goblin.
You kill the goblin!
The ball python barely misses you. The ball python constricts you.
You escape the ball python's grasp.
The ball python completely misses you. The ball python closely misses you.
Things that are here:
a +0 dagger; a goblin corpse You barely miss the ball python.
The ball python bites you but does no damage.
The ball python grabs you. The ball python constricts you.
The ball python barely misses you. The ball python constricts you.
You hit the ball python.
You kill the ball python!
You see here a ball python corpse.
You see here a staff of poison.
n - a staff of poison You pick up a book of Lightning and begin reading...
You add the spells Static Discharge, Vhi's Electric Charge, Plasma Beam and Arcjolt to your library.
There are no items here.
Okay, then.
Found a stone staircase leading down.
Jessica and an endoplasm come into view.
Jessica is wielding a +0 dagger and carrying a wand of light (10).
Found a mace.
Jessica shouts!
The endoplasm quivers.
Sorry, you're not good enough to have a special ability.
Okay, then.
Jessica casts a spell at you.
You barely resist.
Jessica zaps a wand.
The bolt of light hits you!
Ouch! That really hurt!
* * * LOW HITPOINT WARNING * * *
Jessica casts a spell.
Jessica blinks!
Jessica grins evilly.
You hit the endoplasm but do no damage. The endoplasm misses you.
Jessica zaps a wand.
The bolt of light hits you!
Ouch! That really hurt!
You die...

#...........
#........... ..
...........
..###........
........@...
..........####
)............##
......J..#.....#
........@#.....#
...............#
.........#.....#
....>....#.....#
#........#.....#
####.#.........#
.##
#<#.........# ..
##.#...#.....#
#.##
#..#..##.....#


You could see Jessica and an endoplasm.

Vanquished Creatures
  A worm (D:2)
  3 ball pythons (D:2)
  3 endoplasms (D:1)
  3 giant cockroaches
  9 goblins
  3 hobgoblins
  2 jackals (D:1)
  2 quokkas (D:1)
  4 bats
  6 kobolds
  A rat (D:1)
37 creatures vanquished.

Notes
Turn   | Place    | Note
-------+----------+-------------------------------------------
     0 | D:1      | Ahpoh the Gargoyle Gladiator began the quest for the Orb.
     0 | D:1      | Reached XP level 1. HP: 12/12 MP: 1/1
   290 | D:1      | Reached XP level 2. HP: 17/17 MP: 2/2
   321 | D:1      | Reached skill level 3 in Long Blades
   485 | D:1      | Reached XP level 3. HP: 22/22 MP: 3/3
  1158 | D:2      | Noticed Jessica
  1165 | D:2      | Killed from afar by Jessica

Illustrated notes

Levels and vault maps discovered:
D:1:      eino_arrival_cavern_e, layout_basic, minmay_pentomino_r4
D:2:      layout_rooms, grunt_decor_cap, uniq_jessica

Skill      XL: |  1  2 |
---------------+-------+-----
Long Blades    | 3 |  3.4
Fighting       | |  2.5
Throwing       | |  1.8
Armour         | |  0.7
Dodging        | |  2.8

Action                     || total
---------------------------++-------
  Melee: Long sword        ||    94
         Punch             ||     1
 Armour: Ring mail         ||    60
  Dodge: Dodged            ||    79

Table legend: (Time is in decaauts)
 A = Elapsed time spent in this place.
 B = Non-inter-level travel time spent in this place.
 C = Inter-level travel time spent in this place.
 D = Time resting spent in this place.
 E = Time spent auto-exploring this place.
 F = Levels seen in this place.
 G = Mean time per level.
                   A        B        C        D        E       F      G
               +--------+--------+--------+--------+--------+-----+--------+
         Total |   1187 |   1138 |     49 |      0 |    780 |   2 |  593.5 |
       Dungeon |   1187 |   1138 |     49 |      0 |    780 |   2 |  593.5 |
               +--------+--------+--------+--------+--------+-----+--------+

Top non-repeatable levels by time:
     D:1: 945 daAuts
     D:2: 242 daAuts
